 Dungeon Crawl Stone Soup version 0.30.1-8-g117510f58f (webtiles) character file.

Game seed: 1749568391984953087

392 NullDivider the Sneak (level 6, -2/36 HPs)
             Began as an Octopode Venom Mage on Sept 22, 2023.
             Slain by an ice beast (14 damage)
             ... on level 3 of the Dungeon.
             The game lasted 00:12:14 (2732 turns).

NullDivider the Sneak (Octopode Venom Mage)         Turns: 2732, Time: 00:12:16

Health: -2/36      AC:  1    Str:  7    XL:     6   Next: 80%
Magic:  0/11       EV: 14    Int: 18    God:
Gold:   98         SH:  0    Dex: 14    Spells: 1/11 levels left

rFire   . . .        (no weapon)
rCold   . . .        (no shield)
rNeg    . . .        (helmet restricted)
rPois   .            c - amulet of guardian spirit
rElec   .            (no ring)
rCorr   .            (no ring)
SInv    .            (no ring)
Will    .....        (no ring)
Stlth   ++++         (no ring)
HPRegen 0.26/turn    (no ring)
MPRegen 0.12/turn    (no ring)
                     (no ring)

%: guardian spirit
@: no status effects
A: almost no armour, amphibious, 8 rings, camouflage 1, gelatinous body 1,
(nimble swimmer 1), tentacles
a: no special abilities


You were on level 3 of the Dungeon.
You visited 1 branch of the dungeon, and saw 3 of its levels.

You collected 98 gold pieces.

Inventory:

Jewellery
 c - an amulet of guardian spirit (around mantle)
Scrolls
 b - 2 scrolls of enchant armour {unknown}
 d - 2 scrolls of identify {unknown}
 e - 2 scrolls of magic mapping
 h - a scroll of brand weapon {unknown}
Potions
 a - a potion of magic
 f - 3 potions of flight {unknown}
 g - a potion of might {unknown}
 i - a potion of haste {unknown}
 j - 2 potions of heal wounds
 k - 2 potions of curing {unknown}
 l - a potion of resistance {unknown}
 m - a potion of cancellation {unknown}


   Skills:
 + Level 3.6 Dodging
 + Level 5.3 Stealth
 + Level 3.3 Spellcasting
 - Level 1.0 Transmutations
 - Level 2.0 Air Magic
 + Level 5.2 Poison Magic


You had one spell level left.
You knew the following spells:

 Your Spells              Type           Power      Damage    Failure   Level
a - Sting                 Tmut/Pois      56%        1d5       4%          1
b - Poisonous Vapours     Pois/Air       32%        N/A       5%          2
c - Mephitic Cloud        Conj/Pois/Air  11%        N/A       17%         3
d - Olgreb's Toxic Radia  Pois           21%        N/A       19%         4

Your spell library contained the following spells:

 Spells                   Type           Power      Damage    Failure   Level
 Discord                  Hex            1%         N/A       100%        8
 Ignition                 Fire           1%         3d3       100%        8


Dungeon Overview and Level Annotations

Branches:
Dungeon (3/15)

Altars:


Innate Abilities, Weirdness & Mutations

You cannot wear most types of armour.
You are amphibious.
You can wear up to eight rings at the same time.
Your skin changes colour to match your surroundings (Stealth+).
Your rubbery body absorbs attacks. (AC +1, EV +1)
((You are camouflaged when in or above water. (Stealth+)))
You have tentacles for arms and can constrict up to eight enemies at once.


Message History

Casting: Sting (safe; 4% risk of failure)
Confirm with . or Enter, or press ? or * to list all spells.
Aiming: Sting (safe; 4% risk of failure)
Press: ? - help, Shift-Dir - straight line, f/p - ice beast
Aim: an ice beast (lightly wounded, poisoned, 71% to hit)
The sting hits the ice beast but does no damage.
The ice beast looks even sicker.
The ice beast is lightly wounded.
The ice beast barely misses you.
Casting: Sting (safe; 4% risk of failure)
Confirm with . or Enter, or press ? or * to list all spells.
Aiming: Sting (safe; 4% risk of failure)
Press: ? - help, Shift-Dir - straight line, f/p - ice beast
Aim: an ice beast (lightly wounded, very poisoned, 71% to hit)
The sting hits the ice beast but does no damage.
The ice beast looks even sicker.
The ice beast is lightly wounded.
The ice beast hits you. The ice beast freezes you!
The ice beast attacks as you move away! The ice beast hits you.
The ice beast freezes you. The ice beast attacks as you move away!
The ice beast hits you. The ice beast freezes you!
* * * LOW HITPOINT WARNING * * *
The ice beast attacks as you move away! The ice beast closely misses you.
It was a potion of heal wounds.
You feel much better. The ice beast hits you. The ice beast freezes you!
The ice beast attacks as you move away! The ice beast barely misses you.
The ice beast attacks as you move away! The ice beast closely misses you.
The ice beast attacks as you move away! The ice beast hits you.
The ice beast freezes you.
Casting: Sting (safe; 4% risk of failure)
Confirm with . or Enter, or press ? or * to list all spells.
Aiming: Sting (safe; 4% risk of failure)
Press: ? - help, Shift-Dir - straight line, f/p - ice beast
Aim: an ice beast (heavily wounded, poisoned, 71% to hit)
The sting hits the ice beast but does no damage.
The ice beast looks even sicker.
The ice beast is heavily wounded.
The ice beast hits you. The ice beast freezes you!
You die...

..#######...## #.#
#.....# #.# #...)..
#.# #...... ##...#.
### ##.##.
#...####### #.##.
#..w......# #.#
#.##. #.......#@#
#.# #.##. #.#Y# #.#
#.#.# #.#.# #.#
#..## #.#.# #.# #.##
#.#.# #.# ##[##
#.#.###.# ##.#
#.......###########.
###...............).
##################


You could see an ice beast (very poisoned) and a dart slug (asleep).

Vanquished Creatures
  Sigmund (D:2)
  A bullfrog (D:3)
  A hound (D:3)
  3 gnolls
  7 adders
  A worm (D:3)
  2 dart slugs (D:2)
  4 ball pythons
  2 endoplasms (D:3)
  2 giant cockroaches
  3 goblins
  3 hobgoblins
  6 jackals (D:2)
  8 kobolds
  2 bats
  3 frilled lizards
  6 rats
55 creatures vanquished.

Notes
Turn   | Place    | Note
-------+----------+-------------------------------------------
     0 | D:1      | NullDivider the Octopode Venom Mage began the quest for the
                  | Orb.
     0 | D:1      | Reached XP level 1. HP: 11/11 MP: 3/3
   286 | D:1      | Found a faded altar of an unknown god.
   550 | D:2      | Reached XP level 2. HP: 17/17 MP: 3/5
   574 | D:2      | Learned a level 2 spell: Poisonous Vapours
   593 | D:2      | Noticed Sigmund
   616 | D:2      | Killed Sigmund
   617 | D:2      | Reached skill level 1 in Air Magic
   617 | D:2      | Reached XP level 3. HP: 21/21 MP: 1/7
   617 | D:2      | Reached XP level 4. HP: 27/27 MP: 1/8
   617 | D:2      | Reached XP level 5. HP: 31/31 MP: 1/9
   693 | D:2      | Learned a level 3 spell: Mephitic Cloud
  1353 | D:2      | Learned a level 4 spell: Olgreb's Toxic Radiance
  1485 | D:2      | Reached XP level 6. HP: 36/36 MP: 3/10
  1897 | D:3      | Reached skill level 5 in Poison Magic
  2126 | D:3      | Reached skill level 5 in Stealth
  2715 | D:3      | Noticed an ice beast
  2732 | D:3      | Slain by an ice beast

Illustrated notes

Levels and vault maps discovered:
D:1:      ldierk_walled_garden, layout_basic,
          hellmonk_ecumenical_altar_inner_sanctum
D:2:      layout_loops_ring, uniq_sigmund
D:3:      layout_loops_ring

Skill      XL: |  1  2  3  4  5  6 |
---------------+-------------------+-----
Stealth        | 3 4 5 |  5.3
Dodging        | 3 |  3.6
Air Magic      | 1 2 |  2.0
Poison Magic   | 4 5 |  5.2
Spellcasting   | 3 |  3.3
Transmutations | |  1.0

Action                     |  1- 3 |  4- 6 || total
---------------------------+-------+-------++-------
  Melee: Unarmed           |    10 |    67 ||    77
         Constrict         |     5 |    24 ||    29
         Tentacles         |     2 |    19 ||    21
         Punch             |       |     4 ||     4
   Cast: Sting             |     4 |    47 ||    51
         Poisonous Vapours |     2 |    28 ||    30
    Use: Scroll            |       |     1 ||     1
         Potion            |       |     1 ||     1
   Stab: Sleeping          |     4 |     8 ||    12
 Armour: Skin              |       |     6 ||     6
  Dodge: Dodged            |     5 |    81 ||    86
